 Dungeon Crawl Stone Soup version 0.32-a0-128-g77eb882913 (webtiles) character file.

Game seed: 10170650695925760372

684 pokeman the Thaumaturge (level 7, -12/40 HPs)
             Began as a Deep Elf Hedge Wizard on Feb 7, 2024.
             Was an Initiate of Vehumet.
             Engulfed by a cloud of freezing vapour (25 damage)
             ... on level 5 of the Dungeon.
             The game lasted 00:12:42 (4343 turns).

pokeman the Thaumaturge (Deep Elf Hedge Wizard)     Turns: 4343, Time: 00:12:42

Health: -12/40     AC:  5    Str:  7    XL:     7   Next: 35%
Magic:  10/20      EV: 13    Int: 21    God:    Vehumet [......]
Gold:   147        SH:  0    Dex: 14    Spells: 9/22 levels left

rFire   . . .        a - +7 staff of the Meek {protect, meekguard}
rCold   . . .        (shield currently unavailable)
rNeg    . . .        b - +0 robe
rPois   .            g - +2 hat
rElec   .            t - +0 cloak
rCorr   .            (no gloves)
SInv    +            (no boots)
Will    .....        i - amulet of regeneration
Stlth   ++           e - ring of see invisible
HPRegen 1.06/turn    (no ring)
MPRegen 0.17/turn

%: no passive effects
@: no status effects
A: no striking features
a: Renounce Religion


You were on level 5 of the Dungeon.
You worshipped Vehumet.
Vehumet was noncommittal.
You visited 1 branch of the dungeon, and saw 5 of its levels.

You collected 147 gold pieces.

Inventory:

Hand Weapons
 a - the +7 staff of the Meek (weapon) {protect, meekguard}
   (You took it off an orc on level 3 of the Dungeon)
 s - a +3 whip of electrocution
Armour
 b - a +0 robe (worn)
 g - a +2 hat (worn)
 o - a +0 kite shield
 t - a +0 cloak (worn)
Jewellery
 e - a ring of see invisible (left hand)
 i - an amulet of regeneration (around neck)
 p - a ring of poison resistance
Scrolls
 f - 6 scrolls of identify {unknown}
 j - 3 scrolls of poison {unknown}
 l - a scroll of amnesia {unknown}
 n - 2 scrolls of fog {unknown}
 q - a scroll of blinking {unknown}
 r - a scroll of immolation {unknown}
Potions
 c - 2 potions of curing {unknown}
 d - a potion of magic
 h - a potion of invisibility {unknown}
 k - a potion of might {unknown}
 m - a potion of brilliance {unknown}
 u - 2 potions of resistance {unknown}
 v - a potion of heal wounds {unknown}


   Skills:
 - Level 2.0 Fighting
 + Level 1.0 Armour
 - Level 3.0 Dodging
 - Level 3.0 Stealth
 - Level 1.0 Shields
 * Level 8.0 Spellcasting
 + Level 3.9 Conjurations
 - Level 1.1 Summonings
 - Level 1.1 Translocations
 + Level 2.2 Ice Magic
 - Level 1.0 Air Magic
 - Level 1.0 Alchemy


You had 9 spell levels left.
You knew the following spells:

 Your Spells              Type           Power      Damage    Failure   Level
a - Magic Dart            Conj           100%       1d8       1%          1
b - Mephitic Cloud        Conj/Alch/Air  16%        N/A       11%         3
c - Call Imp              Summ           26%        N/A       8%          2
d - Blink                 Tloc           26%        N/A       8%          2
e - Freezing Cloud        Conj/Ice/Air   9%         6-21      63%         5

Your spell library contained the following spells:

 Spells                   Type           Power      Damage    Failure   Level
 Slow                     Hex            32%        N/A       8%          1
 Mercury Vapours          Alch/Air       24%        N/A       8%          2
 Cigotuvi's Dreadful Rot  Necr/Alch/Air  22%        N/A       9%          2


Dungeon Overview and Level Annotations

Branches:
Dungeon (5/15)
 Temple: D:4-7

Altars:
Vehumet

Shops:
D:3 [


Message History

Your cerulean imp is poisoned.
The water moccasin poisons your cerulean imp!
The water moccasin barely misses your cerulean imp.
Your cerulean imp closely misses the water moccasin.
The water moccasin barely misses your cerulean imp.
Your cerulean imp barely misses the water moccasin.
Something barely misses your cerulean imp.
There is a stone staircase leading up here.
Your cerulean imp misses the water moccasin.
Casting: Call Imp (safe; 8% risk of failure)
Confirm with . or Enter, or press ? or * to list all spells.
Aiming: Freezing Cloud (astonishingly dangerous; 63% risk of failure)
Press: ? - help, Dir - move target, f/p - water moccasin
Aim: a water moccasin (moderately wounded, ally target)
Okay, then.
Unknown command.
The water moccasin barely misses your cerulean imp.
Your cerulean imp barely misses the water moccasin.
The water moccasin bites your cerulean imp.
Your cerulean imp looks as sick as possible!
The water moccasin poisons your cerulean imp!
Your cerulean imp dies!
Your cerulean imp disappears in a puff of smoke!
Casting: Freezing Cloud (astonishingly dangerous; 63% risk of failure)
Confirm with . or Enter, or press ? or * to list all spells.
You can't see any susceptible monsters within range! (Use Z to cast anyway.)
A water moccasin is nearby!
Found a runed fluorescent wand.
Casting: Freezing Cloud (astonishingly dangerous; 63% risk of failure)
Confirm with . or Enter, or press ? or * to list all spells.
Aiming: Freezing Cloud (astonishingly dangerous; 63% risk of failure)
Press: ? - help, Dir - move target, p - water moccasin You are engulfed in freezing vapours.
Ouch! That really hurt!
* * * LOW HITPOINT WARNING * * *
The water moccasin is engulfed in freezing vapours.
The water moccasin seems to slow down.
You are engulfed in freezing vapours.
Ouch! That really hurt!
You die...

### /.# #.# #.# #.#
#☼# #.##§#########
#...@§§☼S☼§..#
############.#####.##
#..S...... ##########


You could see a water moccasin (slow).

Vanquished Creatures
  Edmund (D:4)
  A phantom (D:4)
  A scorpion (D:5)
  A bombardier beetle (D:4)
  An orc priest (D:4)
  2 gnoll boudas (D:4)
  An iguana (D:4)
  A statue (D:4)
  12 gnolls (D:4)
  6 adders
  3 dart slugs
  A ribbon worm (D:3)
  5 orcs
  12 ball pythons
  5 bats
  3 endoplasms
  6 giant cockroaches
  10 goblins
  3 hobgoblins
  3 quokkas
  3 frilled lizards
  8 kobolds
  2 rats (D:3)
91 creatures vanquished.

Vanquished Creatures (collateral kills)
  A rat (D:3)
1 creature vanquished.

Grand Total: 92 creatures vanquished

Notes
Turn   | Place    | Note
-------+----------+-------------------------------------------
     0 | D:1      | pokeman the Deep Elf Hedge Wizard began the quest for the
                  | Orb.
     0 | D:1      | Reached XP level 1. HP: 10/10 MP: 7/7
   345 | D:1      | Reached XP level 2. HP: 13/16 MP: 1/9
   986 | D:1      | Reached skill level 5 in Spellcasting
  1223 | D:2      | Reached XP level 3. HP: 20/20 MP: 9/11
  1227 | D:2      | Learned a level 3 spell: Mephitic Cloud
  1230 | D:2      | Learned a level 2 spell: Call Imp
  1233 | D:2      | Learned a level 2 spell: Blink
  1312 | D:2      | Found a faded altar of an unknown god.
  1427 | D:2      | Reached skill level 1 in Fighting
  1427 | D:2      | Reached skill level 1 in Armour
  2100 | D:3      | Reached XP level 4. HP: 21/25 MP: 2/13
  2228 | D:3      | You fall into a shaft and drop 1 floor!
  2368 | D:4      | Reached skill level 1 in Shields
  2368 | D:4      | Reached skill level 6 in Spellcasting
  2368 | D:4      | Reached XP level 5. HP: 29/29 MP: 3/15
  2605 | D:4      | Reached skill level 1 in Air Magic
  2605 | D:4      | Reached skill level 1 in Alchemy
  2619 | D:4      | Reached XP level 6. HP: 30/34 MP: 4/17
  2627 | D:4      | Learned a level 5 spell: Freezing Cloud
  2895 | D:3      | Found Jeul Ova's Armour Shoppe.
  3437 | D:4      | Reached skill level 7 in Spellcasting
  3437 | D:4      | Reached skill level 1 in Ice Magic
  3479 | D:4      | Found a radiant altar of Vehumet.
  3493 | D:4      | Became a worshipper of Vehumet
  3600 | D:4      | Upgraded the game from 0.32-a0-120-gfac0567ad4 to
                  | 0.32-a0-128-g77eb882913
  3877 | D:4      | Noticed Edmund
  3899 | D:4      | Killed Edmund
  3900 | D:4      | Reached XP level 7. HP: 34/39 MP: 16/20
  4315 | D:5      | Entered Level 5 of the Dungeon
  4326 | D:5      | Reached skill level 8 in Spellcasting
  4343 | D:5      | Engulfed by a cloud of freezing vapour

Illustrated notes

Levels and vault maps discovered:
D:1:      giann_horns, layout_loops_cross
D:2:      layout_basic, shapermc_ecumenical_altar_pompeii
D:3:      layout_rooms, serial_shops, shop
D:4:      layout_gridville, vehumet_statue, uniq_edmund
D:5:      layout_loops_ring, due_unseen_surprise

Skill      XL: |  1  2  3  4  5  6  7 |
---------------+----------------------+-----
Spellcasting   | 5 6 7 8 |  8.0
Fighting       | 1 2 |  2.0
Armour         | 1 |  1.0
Conjurations   | 2 3 |  3.9
Dodging        | 3 |  3.0
Shields        | 1 |  1.0
Air Magic      | 1 |  1.0
Alchemy        | 1 |  1.0
Stealth        | 3 |  3.0
Ice Magic      | 2 |  2.2
Summonings     | |  1.1
Translocations | |  1.1

Action                     |  1- 3 |  4- 6 |  7- 9 || total
---------------------------+-------+-------+-------++-------
  Melee: Dagger            |    18 |    58 |       ||    76
         Punch             |     2 |     3 |       ||     5
         Quarterstaff      |       |    25 |     3 ||    28
         Whip              |       |     4 |       ||     4
   Cast: Magic Dart        |    90 |   102 |     7 ||   199
         Mephitic Cloud    |     2 |    12 |     1 ||    15
         Call Imp          |     1 |     2 |     1 ||     4
         Freezing Cloud    |       |       |     1 ||     1
   Stab: Sleeping          |     1 |       |       ||     1
         Confused          |       |    10 |       ||    10
 Armour: Robe              |    14 |    44 |     6 ||    64
  Dodge: Dodged            |    23 |    55 |       ||    78

Table legend: (Time is in decaauts)
 A = Elapsed time spent in this place.
 B = Non-inter-level travel time spent in this place.
 C = Inter-level travel time spent in this place.
 D = Time resting spent in this place.
 E = Time spent auto-exploring this place.
 F = Levels seen in this place.
 G = Mean time per level.
                   A        B        C        D        E       F      G
               +--------+--------+--------+--------+--------+-----+--------+
         Total |   4347 |   4206 |    141 |      0 |   3522 |   5 |  869.4 |
       Dungeon |   4347 |   4206 |    141 |      0 |   3522 |   5 |  869.4 |
               +--------+--------+--------+--------+--------+-----+--------+

Top non-repeatable levels by time:
     D:4: 1531 daAuts
     D:1: 1034 daAuts
     D:2: 990 daAuts
     D:3: 762 daAuts
     D:5: 28 daAuts
